 Dungeon Crawl Stone Soup version 0.20.1-1-g8b1a95d (webtiles) character file.

108 Mesmaeker13 the Magician (level 4, -8/36 HPs)
             Began as a Naga Wizard on Dec 12, 2017.
             Was an Initiate of Sif Muna.
             Killed by nerve-wracking pain
             ... invoked by a shadow imp
             ... summoned by the player character
              (11 damage)
             ... on level 3 of the Dungeon.
             The game lasted 00:04:18 (3135 turns).

Mesmaeker13 the Magician (Naga Wizard)              Turns: 3135, Time: 00:04:19

Health: -8/36      AC:  2    Str: 10    XL:     4   Next: 87%
Magic:  12/18      EV: 10    Int: 24    God:    Sif Muna [......]
Gold:   87         SH:  0    Dex:  9    Spells: 7/10 levels left

rFire    + . .     SeeInvis +   g - +0 whip
rCold    x . .     Gourm    .   (no shield)
rNeg     . . .     Faith    .   a - +0 robe
rPois    +         Spirit   .   b - +0 hat
rElec    .         Reflect  .   (no cloak)
rCorr    .         Harm     .   (no gloves)
MR       .....                  (no barding)
Stlth    +.........             (no amulet)
Regen    0.2/turn               j - ring of fire
MPRegen  0.2/turn               q - ring of magical power

@: confused, brilliant, very slightly contaminated, invisible, very slow
A: see invisible, deformed body, poison resistance, slowness 2, slow metabolism
1, spit poison 1, AC +1
a: Spit Poison, Renounce Religion


You were on level 3 of the Dungeon.
You worshipped Sif Muna.
Sif Muna was noncommittal.
You were not hungry.

You visited 1 branch of the dungeon, and saw 3 of its levels.

You collected 87 gold pieces.

Inventory:

Hand Weapons
 g - a +0 whip (weapon)
Armour
 a - a +0 robe (worn)
 b - a +0 hat (worn)
Jewellery
 j - a ring of fire (left hand)
 q - a ring of magical power (right hand)
Scrolls
 h - a scroll of remove curse {unknown}
 i - a scroll of enchant armour
 k - 2 scrolls of enchant weapon
 m - 2 scrolls of blinking
 n - a scroll of fog
Potions
 f - a potion of magic
Books
 c - a book of Minor Magic

   Spells                             Type                      Level
   a - Magic Dart                     Conjuration                  1
   b - Blink                          Translocation                2
   c - Call Imp                       Summoning                    2
   d - Slow                           Hexes                        2
   e - Conjure Flame                  Conjuration/Fire             3
   f - Mephitic Cloud                 Conjuration/Poison/Air       3
Comestibles
 d - 3 bread rations
 l - 3 meat rations
 r - 6 chunks of flesh


   Skills:
 + Level 2.6 Dodging
 - Level 3.0 Stealth
 + Level 3.5 Spellcasting
 + Level 2.4 Conjurations
 + Level 2.0 Summonings
   Level 1.0 Translocations


You had 7 spell levels left.
You knew the following spells:

 Your Spells              Type           Power        Failure   Level  Hunger
a - Magic Dart            Conj           ####         1%          1    None
b - Call Imp              Summ           ####....     1%          2    #......


Dungeon Overview and Level Annotations

Branches:
Dungeon (3/15)

Altars:
Sif Muna

Annotations:
D:3 Natasha


Innate Abilities, Weirdness & Mutations

You cannot wear boots.
Your serpentine skin is tough. (AC +1)
You have supernaturally acute eyesight. (SInv)
Armour fits poorly on your strangely shaped body.
Your system is resistant to poisons. (rPois)
You cover ground very slowly.
You have a slow metabolism.
You can spit poison.


Message History

The crimson imp barely misses you. Natasha misses you.
Your shadow imp hits the crimson imp.
It was a potion of ambrosia.
You are confused.
You feel invigorated.
The crimson imp disappears in a puff of smoke!
Natasha claws you.
* * * LOW HITPOINT WARNING * * *
Your crimson imp blinks!
Are you sure you want to stumble around while confused and next to your shadow imp?
Okay, then.
Are you sure you want to stumble around while confused and next to your shadow imp?
You closely miss your shadow imp.
Natasha stares at you and mumbles some strange words.
The magic dart hits you!
* * * LOW HITPOINT WARNING * * *
The shadow imp lashes its tail.
The shadow imp gestures at you. Pain shoots through your body!
You die...

#.....†....
###...###.#
#...####.#
##..##....#
#...)..#
#...##..## .
#..# ##†.###
..# ###
##.5.###...##
###@h5))....
####......
..... ....
... .. .


You could see Natasha, a crimson imp and a shadow imp.

Vanquished Creatures
  An adder (D:2)
  An ooze (D:1)
  2 dart slugs
  4 orcs (D:3)
  11 goblins
  8 hobgoblins
  6 jackals
  A quokka (D:2)
  A ball python (D:3)
  7 bats
  4 frilled lizards
  6 kobolds
  4 rats
56 creatures vanquished.

Vanquished Creatures (collateral kills)
  Natasha (D:3)
  A worm (D:3)
  2 orcs (D:3)
  A goblin (D:3)
  2 jackals (D:2)
7 creatures vanquished.

Grand Total: 63 creatures vanquished

Notes
Turn   | Place    | Note
-------+----------+-------------------------------------------
     0 | D:1      | Mesmaeker13 the Naga Wizard began the quest for the Orb.
     0 | D:1      | Reached XP level 1. HP: 15/15 MP: 4/4
   199 | D:1      | Reached XP level 2. HP: 9/22 MP: 0/6
  1233 | D:1      | Reached XP level 3. HP: 19/28 MP: 4/7
  1419 | D:2      | Learned a level 2 spell: Call Imp
  1986 | D:2      | Found a deep blue altar of Sif Muna.
  1989 | D:2      | Became a worshipper of Sif Muna the Loreminder
  2203 | D:2      | Reached XP level 4. HP: 36/36 MP: 9/9
  3005 | D:3      | Noticed Natasha
  3023 | D:3      | Killed Natasha
  3117 | D:3      | Noticed Natasha
  3135 | D:3      | Killed from afar by a shadow imp

Skill      XL: |  1  2  3  4 |
---------------+-------------+-----
Dodging        | 2 |  2.6
Conjurations   | 2 |  2.4
Summonings     | 2 |  2.0
Stealth        | |  3.0
Spellcasting   | |  3.5
Translocations | |  1.0

Action                   |  1- 3 |  4- 6 || total
-------------------------+-------+-------++-------
Melee: Whip              |    18 |     8 ||    26
 Cast: Magic Dart        |    69 |    72 ||   141
       Call Imp          |     2 |     7 ||     9
  Use: Scroll            |     6 |     1 ||     7
       Potion            |       |     3 ||     3
  Eat: Chunk             |     2 |     3 ||     5
Armor: Robe              |     7 |     2 ||     9
Dodge: Dodged            |    36 |    16 ||    52
